← All builds
Beach sea / Legion / Economy first / OBSERVED BUILD

Standard beach sea

Builds a shipyard early, gets a Syracusia out fast to contest or scout enemy sea entry, then expands into an Advanced Metal Extractor and more navy over the first 15 minutes.

Usually shipyard first (76%)

#naval #eco · 21 distinct matches · 14 players · 78% of Legion Beach sea games · team won 24% of 21 · Recently observed

HOW TO PLAY IT

Key timing: First Syracusia by 4:42

  1. Take 3 mex, then send the commander to build the shipyard.
  2. Get the shipyard up fast to start early sea presence.
  3. Add tidal generators for the energy to sustain frigate output.
  4. Push the first Syracusia out to contest or scout the sea.
  5. Bring advanced mex online to catch up economy for the late game.

Phase by phase

TYPICAL OF ITS 21 GAMES
  1. 1
  2. 2
  3. 3
PLAY THE OPENING

Follow the example game's first 6:00 step by step: what to build now, what comes next, and where it goes. At 1× it keeps pace with your own game.

  1. 1

    Up to the Shipyard

    Economy
    • Metal Extractor3Mex
    • Wind Turbine4Wind
    • Energy Storage1Energy storage
    Order
    1. ShipyardShipyard after 3 mex, 4 wind, 1 energy storagedone ~2:04, middle half 1:42–2:26

    Some games also: wind for allies (48%)

    By 1:48 in all: 3 mex · 4 wind · 1 energy storage

    The example game in this phase · 22 steps
    1. Mex ×3
    2. Wind ×2for Air
    3. Wind ×2
    4. Energy storage
    5. Legion Bot LabLegion Bot Labdone 1:33
    6. Wind
    7. ZagreusZagreus ×2
    8. Legion Construction BotLegion Construction Bot
    9. GoblinGoblin ×4
    10. Legion Construction BotLegion Construction Bot ×2
    11. Con turret
    12. Legion Construction BotLegion Construction Bot
    13. Mex
    14. PhobosPhobos
    15. ZagreusZagreus
    16. Wind ×3
    17. Converter
    18. Wind
    19. PharosPharos
    20. Wind
    21. Converter
    22. ShipyardShipyarddone 3:52 · typical 2:04
  2. 2

    Shipyard to 5:00

    Economy
    • Metal Extractor4Mex
    • Tidal Generator2Tidal
    Builders
    • Construction Ship2 Con ship
    Army
    • Iapetus1 Iapetus
    • Syracusia1 Syracusia
    • Legion Drone1 Legion Drone
    • Argonaut1 Argonaut

    Some games also: Naval Radar / Sonar Tower (48%) · Hippocampus (43%) · con turret (33%)

    By 5:00 in all: 8 mex · 5 wind · 2 tidal · 1 energy storage

    The example game in this phase · 20 steps
    1. Wind
    2. Converter
    3. Radar TowerRadar Tower
    4. Wind
    5. HippocampusHippocampus ×2
    6. Converter
    7. Wind
    8. IapetusIapetus
    9. PharosPharos
    10. Converter
    11. Construction ShipCon ship
    12. Wind
    13. ArgonautArgonaut
    14. Converter
    15. Con turret
    16. Wind
    17. Converter
    18. Radar TowerRadar Tower
    19. SthenoStheno
    20. Wind
  3. 3

    5:00 to 10:00

    Economy
    • Metal Extractor1Mex
    Builders
    • Dionysus1 Dionysus
    Army
    • Pharos1 Pharos
    • Legion Drone8 Legion Drone
    • Syracusia3 Syracusia
    • Argonaut1 Argonaut
    Other
    • Naval Radar / Sonar Tower1 Naval Radar / Sonar Tower

    Some games also: Iapetus (48%) · tidal (48%) · wind (43%) · con ship (43%) · Stheno (43%)

    By 10:00 in all: 9 mex · 5 wind · 4 tidal · 1 energy storage

    The example game in this phase · 128 steps
    1. Mex
    2. Wind
    3. Converter
    4. Mex ×3
    5. Converter
    6. Naval Radar / Sonar TowerNaval Radar / Sonar Tower
    7. SentrySentry
    8. Wind
    9. Converter
    10. Construction ShipCon ship
    11. Wind
    12. Mex
    13. Converter
    14. Construction ShipCon ship
    15. Radar TowerRadar Tower
    16. PharosPharos
    17. Wind
    18. OverwatchOverwatch
    19. Shark's TeethShark's Teeth
    20. Converter
    21. SyracusiaSyracusiadone 7:13 · typical 4:41
    22. Shark's TeethShark's Teeth ×3
    23. Wind
    24. Shark's TeethShark's Teeth
    25. Converter
    26. Shark's TeethShark's Teeth ×2
    27. PharosPharos
    28. Shark's TeethShark's Teeth ×3
    29. Wind
    30. Converter
    31. Shark's TeethShark's Teeth ×2
    32. Wind
    33. BeamerBeamer
    34. Shark's TeethShark's Teeth
    35. Legion DroneLegion Drone
    36. SyracusiaSyracusia
    37. Wind
    38. Shark's TeethShark's Teeth ×2
    39. Wind
    40. Shark's TeethShark's Teeth ×2
    41. PharosPharos
    42. BeamerBeamer
    43. Legion DroneLegion Drone
    44. Converter
    45. Wind
    46. Naval Radar / Sonar TowerNaval Radar / Sonar Tower
    47. Converter
    48. Legion DroneLegion Drone
    49. Wind
    50. OcteresOcteresdone 9:07
    51. Converter
    52. PharosPharos
    53. Mex
    54. Wind
    55. Legion DroneLegion Drone
    56. Converter
    57. Naval Radar / Sonar TowerNaval Radar / Sonar Tower ×2
    58. Wind
    59. Converter
    60. PharosPharos
    61. Wind
    62. Converter
    63. Legion DroneLegion Drone
    64. Wind
    65. SyracusiaSyracusia
    66. ArgonautArgonaut
    67. Converter
    68. Wind
    69. Legion DroneLegion Drone
    70. Wind
    71. IapetusIapetus
    72. Wind
    73. ArgonautArgonaut
    74. Wind
    75. SyracusiaSyracusia
    76. Wind ×3
    77. Legion DroneLegion Drone
    78. Wind ×2
    79. Legion DroneLegion Drone
    80. DionysusDionysus
    81. Wind ×3
    82. DionysusDionysus
    83. Wind
    84. Legion DroneLegion Drone
    85. Wind
    86. Con turret
    87. Wind
    88. IapetusIapetus
    89. Wind ×3
    90. ArgonautArgonaut
    91. Wind ×2
    92. SyracusiaSyracusia
    93. Wind
    94. Legion DroneLegion Drone
    95. IapetusIapetus
    96. Wind
    97. Naval Construction Turret
    98. Hovercraft PlatformHovercraft Platformdone 13:43
    99. Naval Construction Turret
    100. Legion DroneLegion Drone
    101. DionysusDionysus
    102. Naval Construction Turret ×2
    103. OcteresOcteres
    104. Legion DroneLegion Drone
    105. Tidal
    106. Mex
    107. Tidal ×2
    108. SyracusiaSyracusia
    109. Tidal ×2
    110. Legion DroneLegion Drone
    111. Tidal
    112. Legion DroneLegion Drone
    113. ArgonautArgonaut
    114. SalaciaSalacia
    115. Tidal ×2
    116. ArgonautArgonaut
    117. Legion DroneLegion Drone
    118. Tidal
    119. SalaciaSalacia
    120. Tidal
    121. ArgonautArgonaut
    122. Tidal
    123. OcteresOcteres
    124. Tidal
    125. SalaciaSalacia
    126. Tidal ×2
    127. SalaciaSalacia
    128. DionysusDionysus

Counts are medians over the build's games: half of them build more, half fewer. The example game is NFX_Scurvy's (38 OS, 16/09/2026); pick another.

Team trades

IN AT LEAST 30% OF ITS GAMES

You hand over

  • Wind Turbine3 Wind to Airfirst at 1:49 · in 57% of games

You get

  • Hippotes1 Hippotes from Airfirst at 2:08 · in 33% of games
  • Construction Bot1 Con bot from Geofirst at 2:22 · in 52% of games
  • Lazarus1 Lazarus from Geofirst at 2:22 · in 43% of games
  • Advanced Construction Bot1 T2 con bot from Tech or Geofirst at 7:50 · in 76% of games

How it plays out

Typical game of this build, running totals by minute

Metal produced

010k20k30k
0:005:0010:0015:00

metal

Enemy metal destroyed

02.5k5k7.5k
0:005:0010:0015:00

metal

Own metal lost

02k4k6k
0:005:0010:0015:00

metal

21 games.

Show as table
ByMetal produced: This buildEnemy metal destroyed: This buildOwn metal lost: This build
1:0039800
2:0093500
3:00153100
4:002549030
5:0037535050
6:005011380120
7:0064571050280
8:0080321416650
9:0094481654730
10:001126829531010
11:001296240941616
12:001583242731626
13:001858449803245
14:002045058283401
15:002303264414707
WHAT THE NUMBERS SAY

Standard beach sea has by far the lowest team win rate of the six builds despite comparable early frigate timing, suggesting the natural resource disadvantage described for this role bites hard.

  • + First Syracusia at 4:42, faster than geo sea's 5:18 equivalent.
  • + Metal produced by 5:00 reaches 3704, close to other sea roles.
  • − Team win rate is only 21%, far below every other standard build shown.
  • − T2 factory completes in just 21% of games, the lowest tech follow-through listed.
THE EXAMPLE YOU ARE READING

NFX_Scurvy

38.3 OS · 16/09/2026

Open source match ↗

4 received units · includes a constructor
95 metal received · 108243 energy received

Allied construction assistance is unknown. Timings are observations, not a promise of solo reproducibility.

Typical milestones

Shipyard2:04Middle 50%: 1:42–2:26 · n=21
Syracusia4:41Middle 50%: 3:58–5:46 · n=19
Advanced Metal Extractor9:35Middle 50%: 9:02–9:46 · n=15

Played most by

Rysica5games of this buildEpicTyrannus3games of this buildEXZoPrimer32games of this build[Crd]TheKingOfAll1game of this buildCommandoMan1game of this build